 Dungeon Crawl Stone Soup version 0.32-a0-818-gb728d02 (webtiles) character file.

Game seed: 9681129725337820255

6020 Dorkslayer the Cleaver (level 10, -1/74 HPs)
             Began as an Octopode Fighter on Mar 24, 2024.
             Was an Initiate of Gozag.
             Slain by an orc warrior
             ... wielding a +0 war axe
              (13 damage)
             ... in a bailey.
             The game lasted 00:25:07 (7785 turns).

Dorkslayer the Cleaver (Octopode Fighter)           Turns: 7785, Time: 00:25:08

Health: -1/74      AC:  1    Str: 19    XL:     10   Next: 86%
Magic:  19/19      EV: 18    Int: 18    God:    Gozag
Gold:   633        SH:  6    Dex: 11    Spells: 9/9 levels left

rFire   . . .        t - +0 broad axe
rCold   . . .        b - +2 buckler
rNeg    + . .        (helmet restricted)
rPois   +            (no amulet)
rElec   .            f - ring of see invisible
rCorr   .            i - +5 ring of evasion
SInv    +            r - ring of magical power
Will    .....        n - +6 ring of intelligence
Stlth   +++++        m - ring of positive energy
HPRegen 0.32/turn    x - ring of poison resistance
MPRegen 0.16/turn    (no ring)
                     (no ring)

%: no passive effects
@: studying Shapeshifting
A: almost no armour, amphibious, 8 rings, camouflage 1, gelatinous body 1,
(nimble swimmer 1), tentacles, tentacle spike 1, robust 1
a: Renounce Religion, Potion Petition, Call Merchant, Bribe Branch


You were in a bailey.
You worshipped Gozag.
Gozag was pleased with you.
You visited 2 branches of the dungeon, and saw 9 of its levels.
You also visited: Bailey.

You collected 747 gold pieces.
You paid 114 gold pieces to Gozag.

Inventory:

Hand Weapons
 a - a +0 war axe
 q - a +0 mace of venom
 t - a +0 broad axe (weapon)
Missiles
 j - 16 boomerangs (quivered)
 l - a throwing net
Armour
 b - a +2 buckler (worn)
Jewellery
 f - a ring of see invisible (left tentacle)
 i - a +5 ring of evasion (right tentacle)
 m - a ring of positive energy (on tentacle)
 n - a +6 ring of intelligence (on tentacle)
 r - a ring of magical power (on tentacle)
 x - a ring of poison resistance (on tentacle)
Talismans
 c - a serpent talisman
Wands
 e - a wand of paralysis (8)
 o - a wand of iceblast (1)
Scrolls
 w - a scroll of identify
Potions
 d - 2 potions of brilliance
 g - 2 potions of attraction
 h - a potion of curing
 k - 3 potions of mutation
 p - a potion of might
 u - a potion of ambrosia
 v - a potion of haste


   Skills:
 + Level 6.0 Fighting
 + Level 9.0 Axes
 + Level 1.4 Throwing
 + Level 5.8 Dodging
 + Level 8.4 Stealth
 + Level 4.9 Shields
 * Level 6.1 Evocations
 * Level 5.7 Shapeshifting


You had 9 spell levels left.
You didn't know any spells.
Your spell library contained the following spells:

 Spells                   Type           Power      Damage    Failure   Level
 Foxfire                  Conj/Fire      0%         2x1d4     26%         1
 Magic Dart               Conj           0%         1d3       26%         1
 Searing Ray              Conj           0%         2d4       38%         2
 Fulminant Prism          Conj/Alch      0%         3d5       95%         4
 Plasma Beam              Fire/Air       0%         2x1d10    100%        6
 Starburst                Conj/Fire      0%         6d3       100%        6


Dungeon Overview and Level Annotations

Branches:
Dungeon (8/15)             Temple (1/1) D:7          Bailey (1/1)
   Lair: D:8-11

Altars:
Ashenzari
Cheibriados
Dithmenos
Elyvilon
Fedhas
Gozag
Hepliaklqana
Kikubaaqudgha
Makhleb
Okawaru
Ru
Sif Muna
Trog
Uskayaw
Vehumet
Wu Jian
Xom
Zin
The Shining One

Shops:
D:2 =   D:3 =   D:6 *   D:7 :

Annotations:
D:3 3 runed translucent doors, 9stopf's ghost, amateur FoFi


Innate Abilities, Weirdness & Mutations

You cannot wear most types of armour.
You are amphibious.
You can wear up to eight rings at the same time.
Your skin changes colour to match your surroundings (Stealth+).
Your rubbery body absorbs attacks. (AC +1, EV +1)
((You are camouflaged when in or above water. (Stealth+)))
You have tentacles for arms and can constrict up to eight enemies at once.
One of your tentacles bears a spike.
You are robust. (+10% HP)


Message History

The kobold demonologist mumbles some strange words.
You hit the kobold demonologist.
You pierce the kobold demonologist, but do no damage.
The kobold demonologist is severely wounded.
You hit the orc warrior. x2; You constrict the kobold demonologist.
The orc warrior hits you with a +0 broad axe!!
* * * LOW HITPOINT WARNING * * *
You block the orc warrior's attack.
The kobold demonologist barely misses you.
You hit the kobold demonologist but do no damage.
The kobold demonologist is severely wounded.
You hit the orc warrior. You barely miss the orc warrior.
You constrict the kobold demonologist. The orc warrior misses you.
The orc warrior hits you with a +0 war axe!
* * * LOW HITPOINT WARNING * * *
The kobold demonologist miscasts a cantrip.
You hit the kobold demonologist.
The kobold demonologist is almost dead.
You hit the orc warrior.
You kill the orc warrior!
You hit the orc warrior but do no damage.
You constrict the kobold demonologist.
You kill the kobold demonologist!
The shadow imp disappears in a puff of smoke!
The orc warrior is distracted by your dazzling golden aura.
Your Axes skill increases to level 9!
You barely miss the orc warrior.
The orc warrior is no longer distracted by gold.
The orc warrior shouts!
Your grab misses the orc warrior.
You pierce the orc warrior, but do no damage.
The orc warrior is heavily wounded.
The orc warrior barely misses you. You block the orc warrior's attack.
You closely miss the orc warrior. Your grab misses the orc warrior.
Your tentacle spike misses the orc warrior.
You squeeze the orc warrior.
The orc warrior is heavily wounded.
The orc warrior hits you with a +0 war axe!
You die...
Your body crumbles into a pile of gold.

≈≈#))..#.......#...))'....#≈≈≈≈≈#
≈≈#....#.ß.ß.ß.+...))#....#≈≈≈≈≈#
≈≈######.).##############.#≈≈≈≈≈#
≈≈~.#......#.... +!?#)~≈≈≈≈≈#
≈≈~.#......#.... #:!#.~≈≈≈≈≈#
≈≈~.#''#####.... #..#.~≈≈≈≈≈#
≈≈~.#.....##....#########.~≈≈≈≈≈#
....'...).##...$#..ß.ß..#.~≈≈≈≈≈#
....'..⌠..##..§$@.......)∩~≈≈≈≈≈#
....'.....##...o#..ß.ß..#.~≈≈≈≈≈#
≈≈~.#.....##....#########.~≈≈≈≈≈#
≈≈~.#''#####.... #..#.~≈≈≈≈≈#
≈≈~.#......#.... #))#.~≈≈≈≈≈#
≈≈~.#......#.... +))#.~≈≈≈≈≈#
≈≈######.).##############.#≈≈≈≈≈#
≈≈#....#.ß.ß.ß.).....#....#≈≈≈≈≈#
≈≈#....#.......#.....'....#≈≈≈≈≈#


You could see an orc warrior.

Vanquished Creatures
  An orc high priest (Bailey)
  Pikel (D:8)
  An orc knight (Bailey)
  A kobold demonologist (Bailey)
  3 red devils (D:8)
  A steam dragon (D:7)
  A water moccasin (D:7)
  A sky beast (D:7)
  9 orc warriors
  An ice beast (D:5)
  A black bear (D:5)
  3 ogres
  A centaur (D:6)
  4 lemures (D:8)
  A phantom (D:6)
  A bullfrog (D:8)
  3 scorpions
  3 wights (D:7)
  A howler monkey (D:6)
  6 electric eels (Bailey)
  2 bombardier beetles (D:5)
  3 orc priests
  2 gnoll boudas
  6 hounds
  5 jellies
  A sleepcap (D:5)
  Ijyb (D:4)
  3 iguanas
  Natasha (thrice) (D:2)
  6 orc wizards
  12 gnolls
  8 adders
  A shadow imp (D:5)
  2 white imps
  2 ribbon worms
  2 dart slugs (D:2)
  27 orcs
  10 endoplasms
  3 giant cockroaches
  15 goblins
  7 hobgoblins
  5 jackals
  5 quokkas
  4 ball pythons (D:1)
  3 bats
  4 frilled lizards
  4 kobolds
  5 rats
195 creatures vanquished.

Notes
Turn   | Place    | Note
-------+----------+-------------------------------------------
     0 | D:1      | Dorkslayer the Octopode Fighter began the quest for the
                  | Orb.
     0 | D:1      | Reached XP level 1. HP: 16/16 MP: 1/1
    99 | D:1      | Found a faded altar of an unknown god.
   234 | D:1      | Reached XP level 2. HP: 13/21 MP: 2/2
   821 | D:1      | Reached skill level 1 in Stealth
   885 | D:2      | Reached XP level 3. HP: 23/26 MP: 3/3
  1169 | D:2      | Found Ynedd's Jewellery Emporium.
  1413 | D:2      | Reached skill level 3 in Axes
  1413 | D:2      | Reached XP level 4. HP: 29/31 MP: 4/4
  1527 | D:2      | Noticed Natasha
  1534 | D:2      | Killed Natasha
  1953 | D:2      | Noticed Natasha
  1960 | D:2      | Killed Natasha
  1961 | D:2      | Reached XP level 5. HP: 37/37 MP: 5/5
  2516 | D:2      | Noticed Natasha
  2531 | D:2      | Killed Natasha
  2643 | D:3      | Reached skill level 4 in Axes
  2818 | D:3      | Found Cyrphovu's Jewellery Shoppe.
  2898 | D:3      | Noticed 9stopf's ghost (amateur FoFi)
  3039 | D:3      | Found a runed translucent gate.
  3040 | D:3      | Found a runed translucent gate.
  3074 | D:3      | Found a runed translucent gate.
  3423 | D:4      | Reached XP level 6. HP: 30/43 MP: 6/6
  3679 | D:4      | Found a snail-covered altar of Cheibriados.
  3878 | D:4      | Noticed Ijyb
  3892 | D:4      | Killed Ijyb
  4068 | D:4      | Reached skill level 1 in Shapeshifting
  4165 | D:5      | Entered Level 5 of the Dungeon
  4254 | D:5      | Reached skill level 1 in Evocations
  4254 | D:5      | Reached XP level 7. HP: 29/48 MP: 7/7
  4268 | D:5      | Gained mutation: You are dopey. (Int -2) [potion of
                  | mutation]
  4268 | D:5      | Gained mutation: You are occasionally teleported next to
                  | monsters. [potion of mutation]
  4268 | D:5      | Gained mutation: One of your tentacles bears a spike.
                  | [potion of mutation]
  4268 | D:5      | Gained mutation: Your spells are a little harder to cast,
                  | but a little more powerful. [potion of mutation]
  4286 | D:5      | Reached skill level 5 in Axes
  4482 | D:5      | Lost mutation: You are occasionally teleported next to
                  | monsters. [potion of mutation]
  4482 | D:5      | Lost mutation: Your spells are a little harder to cast, but
                  | a little more powerful. [potion of mutation]
  4482 | D:5      | Lost mutation: You are dopey. (Int -2) [potion of mutation]
  4482 | D:5      | Gained mutation: You are robust. (+10% HP) [potion of
                  | mutation]
  4802 | D:5      | Reached XP level 8. HP: 59/59 MP: 8/8
  5025 | D:5      | Reached skill level 5 in Stealth
  5283 | D:5      | Found a radiant altar of Vehumet.
  5465 | D:6      | Reached skill level 6 in Axes
  5614 | D:6      | Found Puump's Mayhem Merchandise.
  5892 | D:6      | Reached skill level 5 in Fighting
  5918 | D:6      | Reached XP level 9. HP: 44/67 MP: 9/9
  6293 | D:7      | Reached skill level 7 in Axes
  6449 | D:7      | Found a staircase to the Ecumenical Temple.
  6473 | D:7      | Reached skill level 5 in Dodging
  6478 | Temple   | Entered the Ecumenical Temple
  6496 | Temple   | Became a worshipper of Gozag Ym Sagoz the Greedy
  6626 | D:7      | Found a hide-covered altar of Uskayaw.
  6648 | D:7      | Found Xunidouh's Book Shop.
  6771 | D:7      | Found an ancient bone altar of Kikubaaqudgha.
  6780 | D:7      | Found a shadowy altar of Dithmenos.
  7082 | D:8      | Noticed a red devil
  7083 | D:8      | Noticed a red devil
  7083 | D:8      | Noticed a red devil
  7092 | D:8      | Killed a red devil
  7092 | D:8      | Killed a red devil
  7093 | D:8      | Reached skill level 1 in Throwing
  7093 | D:8      | Killed a red devil
  7098 | D:8      | Reached XP level 10. HP: 56/72 MP: 10/10
  7177 | D:8      | Noticed Pikel
  7191 | D:8      | Killed Pikel
  7192 | D:8      | Reached skill level 8 in Axes
  7192 | D:8      | Reached skill level 5 in Evocations
  7210 | D:8      | Found a flagged portal.
  7222 | Bailey   | Entered a bailey
  7378 | Bailey   | Noticed an orc high priest
  7389 | Bailey   | Killed an orc high priest
  7390 | Bailey   | Reached skill level 5 in Shapeshifting
  7641 | Bailey   | Noticed an orc knight
  7650 | Bailey   | Killed an orc knight
  7732 | Bailey   | Acquired a manual of Shapeshifting
  7772 | Bailey   | Found an iron altar of Okawaru.
  7773 | Bailey   | Noticed a kobold demonologist
  7783 | Bailey   | Killed a kobold demonologist
  7784 | Bailey   | Reached skill level 9 in Axes
  7785 | Bailey   | Slain by an orc warrior

Illustrated notes

Levels and vault maps discovered:
D:1:      dpeg_arrival_radiant, layout_basic,
          ebering_ecumenical_altar_sacrificial, minmay_misc_feat_chi,
          glass_columns_b
D:2:      layout_loops_corners, serial_shops, nicolae_shop_back_alley_shop,
          uniq_natasha
D:3:      layout_loops_corners, serial_shops, nicolae_shop_gaudy_bauble,
          gammafunk_ghost_icy
D:4:      layout_cave_pods, overflow_temple_1_default, uniq_ijyb
D:5:      layout_gridville, kennysheep_little_box,
          hangedman_abyss_or_decor_slice, amcnicky_mini_pool_small,
          minmay_joined_circles
D:6:      layout_basic, minmay_shop_mayhem, grunt_ministairs_4
D:7:      layout_gridville, mainiacjoe_overflow_swirl,
          mainiacjoe_overflow_alcove_4, minmay_temple_entry_glass, serial_shops,
          nicolae_shop_statue_plus
D:8:      layout_gridville, enter_bailey_3, kennysheep_donut,
          einodemon_armed_red_devil_minivault, uniq_pikel
Temple:   compressed_dpeg_circular_temple
Bailey:   bailey_axe_of_yendor_kennysheep, bailey

Skill      XL: |  1  2  3  4  5  6  7  8  9 10 |
---------------+-------------------------------+-----
Stealth        | 1 2 3 4 5 6 8 |  8.4
Axes           | 3 4 5 6 7 9 |  9.0
Fighting       | 4 5 6 |  6.0
Shapeshifting  | 1 2 3 4 5 |  5.7
Evocations     | 1 2 3 4 6 |  6.1
Dodging        | 4 5 |  5.8
Shields        | 4 |  4.9
Throwing       | 1 |  1.4

Action                     |  1- 3 |  4- 6 |  7- 9 | 10-12 || total
---------------------------+-------+-------+-------+-------++-------
  Melee: War axe           |    48 |    87 |    56 |       ||   191
         Constrict         |     9 |    20 |    36 |    27 ||    92
         Tentacles         |     6 |    26 |    31 |    19 ||    82
         Kick              |       |       |    62 |    40 ||   102
         Broad axe         |       |       |   105 |    88 ||   193
  Throw: Boomerang         |       |       |     9 |       ||     9
  Evoke: Wand              |       |     1 |     6 |     2 ||     9
    Use: Scroll            |       |     2 |    14 |     1 ||    17
         Potion            |       |     2 |     9 |       ||    11
   Stab: Sleeping          |     9 |     9 |    12 |    10 ||    40
         Distracted        |       |     1 |     1 |       ||     2
         Paralysed         |       |       |       |     4 ||     4
 Armour: Skin              |    20 |    32 |    65 |    24 ||   141
  Dodge: Dodged            |    30 |    58 |   139 |    39 ||   266
  Block: Buckler           |     6 |    17 |    57 |    23 ||   103

Table legend: (Time is in decaauts)
 A = Elapsed time spent in this place.
 B = Non-inter-level travel time spent in this place.
 C = Inter-level travel time spent in this place.
 D = Time resting spent in this place.
 E = Time spent auto-exploring this place.
 F = Levels seen in this place.
 G = Mean time per level.
                   A        B        C        D        E       F      G
               +--------+--------+--------+--------+--------+-----+--------+
         Total |   7896 |   7891 |      5 |    283 |   3659 |  10 |  789.6 |
       Dungeon |   7292 |   7287 |      5 |    156 |   3659 |   8 |  911.5 |
        Temple |     28 |     28 |      0 |      0 |      0 |   1 |   28.0 |
        Bailey |    574 |    574 |      0 |    127 |      0 |   1 |  574.0 |
               +--------+--------+--------+--------+--------+-----+--------+

Top non-repeatable levels by time:
     D:2: 1729 daAuts
     D:5: 1289 daAuts
     D:3: 858 daAuts
     D:1: 845 daAuts
     D:6: 834 daAuts
     D:4: 774 daAuts
     D:7: 667 daAuts
  Bailey: 574 daAuts
     D:8: 294 daAuts
  Temple: 28 daAuts
